AoeStats
← LT | Aristóteles Gokú

Lombardia

509852918Analyzed
2v2 RM · 4d ago on Sep 28, 2026· 28m 26s· 4 players
Game mode
Random Map
Map size
Medium (4 player)
Population
200
Speed
Normal
Resources
Standard
Victory
Conquest
Starting age
Dark Age
Ending age
Imperial Age
RankedLock teamsTeams togetherTeam positionsShared explorationLock speedFull tech treeHidden civsTurbo modeCheats
Victory
Defeat
🇷🇺 Cumans · Russia
1086
+16
🇸🇪 Malians · Sweden
1082
+16
🇨🇴 Britons · Colombia
1123
-18
🇨🇳 Franks · China
1037
-14
Henrik
5:19 Loom
9:50 Feudal Age
11:05 Double-Bit Axe
12:08 Horse Collar
13:33 Bloodlines
14:21 Scale Barding Armor
14:30 Forging
23:12 Scale Barding Armor
24:39 Fletching
26:09 Man-at-Arms
MaLaya.
12:28 Feudal Age
12:40 Man-at-Arms
13:15 Loom
16:07 Double-Bit Axe
16:39 Forging
17:36 Scale Barding Armor
25:21 Castle Age
26:01 Capped Ram
28:02 Bloodlines
28:59 Iron Casting
LT | Aristóteles Gokú
10:07 Feudal Age
10:47 Man-at-Arms
18:09 Castle Age
16:34 Man-at-Arms
18:47 Forging
18:43 Scale Barding Armor
18:40 Long Swordsman
19:35 Gambesons
19:50 Squires
19:35 Arson
猫咪先生
7:20 Loom
10:57 Feudal Age
11:47 Double-Bit Axe
22:33 Castle Age
25:24 Light Cavalry
26:06 Husbandry
Connection lost

Rejoining the realm…

Still unreachable

The connection could not be restored.

Session expired

The server has moved on; the page needs a fresh start.